 Dungeon Crawl Stone Soup version 0.29.0-11-gd7f09526c8 (webtiles) character file.

Game seed: 6742557986447347793

117922 concernfroge the Bludgeoner (level 16, -2/122 HPs)
             Began as a Mummy Monk on Sept 3, 2022.
             Was an Initiate of Gozag.
             Slain by a redback (6 damage)
             ... on level 1 of the Spider Nest.
             The game lasted 02:22:04 (36096 turns).

concernfroge the Bludgeoner (Mummy Monk)           Turns: 36096, Time: 02:22:05

Health: -2/122     AC: 28    Str: 24    XL:     16   Next: 24%
Magic:  16/16      EV:  6    Int: 10    God:    Gozag
Gold:   1170       SH:  0    Dex: 18    Spells: 15/15 levels left

rFire   . . .      SeeInvis +   a - +2 morningstar (vamp)
rCold   + . .      Faith    .   u - +2 buckler "Vuluare" {rElec}
rNeg    + + +      Spirit   .   E - +2 plate armour {Will+}
rPois   ∞          Reflect  +   q - +2 helmet
rElec   +          Harm     .   J - +2 cloak
rCorr   .          Rampage  .   O - +1 pair of gloves "Naoluudgh" {rN+ Str+3 Dex+3}
Will    +++..                   f - +2 pair of boots
Stlth   ..........              C - amulet of reflection
HPRegen 0.30/turn               K - ring of see invisible
MPRegen 0.15/turn               I - ring of protection from fire

@: confused, held, slowed, very slow
A: cold resistance 1, negative energy resistance 3, torment resistance 2, heat
vulnerability 1, in touch with death 2, no potions
a: Renounce Religion, Potion Petition, Call Merchant, Bribe Branch


You were on level 1 of the Spider Nest.
You worshipped Gozag.
Gozag was most pleased with you.
You visited 6 branches of the dungeon, and saw 27 of its levels.
You also visited: Sewer, Bailey and Gauntlet.

You collected 9877 gold pieces.
You spent 3524 gold pieces at shops.
You paid 5183 gold pieces to Gozag.

Inventory:

Hand Weapons
 a - a +2 vampiric morningstar (weapon)
 b - a +1 morningstar of protection
 p - the +8 whip "Nousoide" {flame, +Blink Will+ SInv Stlth+}
   (You found it on level 5 of the Dungeon)

   It burns those it strikes, dealing additional fire damage.
   SInv:      It lets you see invisible.
   +Blink:    It lets you blink.
   Will:      It increases your willpower.
   Stlth:     It makes you more stealthy.
Missiles
 g - a throwing net (quivered)
 i - a silver boomerang
 l - 3 atropa-tipped darts
 m - 8 boomerangs
 w - 10 poisoned darts
 x - 6 curare-tipped darts
 z - 2 javelins
Armour
 f - a +2 pair of boots (worn)
 q - a +2 helmet (worn)
 u - the +2 buckler "Vuluare" (worn) {rElec}
   (You acquired it on level 9 of the Dungeon)

   rElec:     It insulates you from electricity.
 E - a +2 plate armour of willpower (worn)
 J - a +2 cloak (worn)
 O - the +1 pair of gloves "Naoluudgh" (worn) {rN+ Str+3 Dex+3}
   (You took it off Nikola on level 1 of the Swamp)

   Str:       It affects your strength (+3).
   Dex:       It affects your dexterity (+3).
   rN:        It protects you from negative energy.
Jewellery
 c - a ring of resist corrosion
 o - a +4 ring of protection
 v - a +4 ring of slaying
 C - an amulet of reflection (around neck)
 H - a +4 ring of evasion
 I - a ring of protection from fire (right hand)
 K - a ring of see invisible (left hand)
 L - a ring of protection from cold
Wands
 r - a wand of flame (21)
 D - a wand of digging (6)
 G - a wand of polymorph (10)
 M - a wand of mindburst (5)
 N - a wand of paralysis (3)
Scrolls
 d - a scroll of summoning
 e - 4 scrolls of amnesia
 h - 2 scrolls of vulnerability
 j - 2 scrolls of brand weapon
 k - 3 scrolls of teleportation
 t - 2 scrolls of noise
 y - 2 scrolls of fear
 A - a scroll of fog
 B - 2 scrolls of poison
 F - 2 scrolls of silence


   Skills:
 - Level 10.0 Fighting
 - Level 16.0 Maces & Flails
 - Level 2.4 Polearms
 - Level 6.0 Throwing
 + Level 9.3 Armour
 + Level 9.4 Dodging
 - Level 1.5 Stealth
 + Level 9.4 Shields
 - Level 6.0 Evocations


You had 15 spell levels left.
You didn't know any spells.
Your spell library contained the following spells:

 Spells                   Type           Power      Damage    Failure   Level
 Magic Dart               Conj           0%         1d3       99%         1
 Sting                    Tmut/Pois      0%         1d3       99%         1
 Poisonous Vapours        Pois/Air       0%         N/A       100%        2
 Searing Ray              Conj           0%         2d4       100%        2
 Conjure Flame            Conj/Fire      0%         6-21      100%        3
 Gell's Gravitas          Tloc           0%         N/A       100%        3
 Ignite Poison            Fire/Tmut/Pois 0%         N/A       100%        3
 Portal Projectile        Hex/Tloc       0%         N/A       100%        3
 Teleport Other           Tloc           0%         N/A       100%        3
 Tukima's Dance           Hex            0%         N/A       100%        3
 Fulminant Prism          Conj/Hex       0%         3d6       100%        4
 Olgreb's Toxic Radiance  Pois           0%         N/A       100%        4
 Petrify                  Tmut/Erth      0%         N/A       100%        4
 Sticky Flame             Conj/Fire      0%         2d3       100%        4
 Irradiate                Conj/Tmut      0%         3d11      100%        5
 Metabolic Englaciation   Hex/Ice        0%         N/A       100%        5
 Dispersal                Tloc           0%         N/A       100%        6
 Blade Hands              Tmut           Unusable   N/A       N/A         5
 Statue Form              Tmut/Erth      Unusable   N/A       N/A         6
 Dragon Form              Tmut           Unusable   N/A       N/A         7

Dungeon Overview and Level Annotations

Branches:
Dungeon (15/15)            Temple (1/1) D:4            Lair (5/5) D:8
  Swamp (3/4) Lair:2       Spider (1/4) Lair:3        Slime (0/5) Lair:4
    Orc (2/2) D:10            Elf (0/3) Orc:2        Vaults (0/5) D:14
 Depths (0/4) D:15          Sewer (visited)          Bailey (visited)
Gauntlet (visited)

Altars:
Ashenzari
Cheibriados
Dithmenos
Fedhas
Gozag
Hepliaklqana
Kikubaaqudgha
Makhleb
Okawaru
Qazlal
Ru
Sif Muna
Trog
Uskayaw
Vehumet
Wu Jian
Xom
Yredelemnul
Jiyva

Shops:
D:5 *   D:7 ?   D:10 [   Orc:1 =   Orc:2 *=[!=

Annotations:
D:2 Sigmund
D:4 exclusion: ogre
D:5 3 runed translucent doors, SensoryNuts's ghost, novice FoFi
D:9 exclusion: two-headed ogre
D:14 4 transporters
D:15 3 runed translucent doors, ZLogic's ghost, journeyman SpEn
Lair:1 2 transporters


Innate Abilities, Weirdness & Mutations

You are immune to poison.
Your flesh is cold resistant. (rC+)
You are immune to negative energy. (rN+++)
You are immune to unholy pain and torment.
You are vulnerable to heat. (rF-)
You are strongly in touch with the powers of death.
You do not drink.


Message History

The redback bites you but does no damage.
The jumping spider leaps!
The demonic crawler shrieks in warning!
The boulder beetle barely misses you.
The redback bites you but does no damage.
The moth of wrath goads the tarantella on!
The tarantella goes berserk!
The tarantella touches you but does no damage.
The torpor snail bites you.
* * * LOW HITPOINT WARNING * * *
The jumping spider barely misses you.
The jumping spider completely misses you.
The redback closely misses you.
The demonic crawler hits you but does no damage. x3
The boulder beetle bites you.
* * * LOW HITPOINT WARNING * * *
The redback closely misses you.
You are too confused!
You are too confused!
The tarantella touches you but does no damage.
The redback bites you but does no damage.
The redback barely misses you. The tarantella touches you.
* * * LOW HITPOINT WARNING * * *
The jumping spider pounces on you but does no damage.
The jumping spider bites you.
* * * LOW HITPOINT WARNING * * *
The redback bites you but does no damage.
The culicivora rages.
The wolf spider rages.
The redback bites you but does no damage.
The demonic crawler barely misses you. The demonic crawler closely misses you.
The demonic crawler hits you but does no damage.
The torpor snail bites you but does no damage.
The tarantella touches you but does no damage.
The jumping spider pounces on you.
* * * LOW HITPOINT WARNING * * *
You are caught in a web!
The jumping spider bites you but does no damage.
The redback bites you.
You die...
Your body crumbles into a pile of gold.

#..... #.#... ^ ..... .....
.. .... ....##. ... ...
......# ..... .......
..#.s.....#...^ .. ....
#....y.........s.#....
...#...#.#ss.#........#.#..
..#..#..ss@ss.....#....°.#.
^......#.sBw##....#..w°...#
#.......y#s....#...Bs..^.
#.......#.......sy.......
#......#.°......#.s#....>
#.....#......#...#.....#
##..... ....#.W..#......^
#...#..^..#...........#^#
#........ .......#.......


You could see a sun moth, a boulder beetle, a torpor snail (berserk), a demonic
crawler (catching breath), a wolf spider (berserk), a moth of wrath, an orb
spider, a culicivora (berserk), 2 jumping spiders, a tarantella (berserk) and 2
redbacks.

Vanquished Creatures
  Nikola (Swamp:1)
  Mlioglotl (Lair:3)
  Gastronok (Lair:1)
  A fenstrider witch (Swamp:3)
  Aizul (Swamp:1)
  2 bunyips
  4 dire elephants
  2 eleionomae (Swamp:2)
  An ettin (Orc:2)
  A shambling mangrove (Swamp:2)
  A great orb of eyes (D:15)
  2 boulder beetles
  15 hydras
  A rakshasa (D:14)
  2 ghost crabs (Swamp:3)
  6 centaur warriors
  A catoblepas (Lair:4)
  A death knight (D:14)
  A two-headed ogre (D:11)
  8 alligators
  Sonja (Orc:2)
  4 orc high priests (Orc:2)
  A pharaoh ant (Lair:3)
  A spectral anaconda (Lair:5)
  5 goliath frogs
  Lodul (D:13)
  6 swamp dragons
  An obsidian statue (Lair:5)
  A bog body (Swamp:1)
  2 oklob plants
  5 orc knights
  2 wizards (D:14)
  2 deep elf pyromancers
  24 ugly things
  4 necromancers (Lair:5)
  3 wolf spiders (Lair:3)
  5 manticores
  An orc sorcerer (Orc:2)
  3 cyclopes
  5 slime creatures (D:15)
  A salamander (D:15)
  7 elephants (Lair:5)
  2 centaur zombies (D:15)
  3 will-o-the-wisps
  3 torpor snails
  3 black mambas
  11 cane toads
  A gargoyle (D:14)
  2 unseen horrors (D:13)
  2 dire elephant skeletons (Lair:5)
  2 demonic crawlers (Lair:3)
  A yaktaur (D:15)
  An efreet (D:13)
  4 tengu conjurers (D:15)
  4 rime drakes
  8 komodo dragons
  3 trolls
  2 meliai (D:14)
  3 polar bears
  5 hornets
  5 tyrant leeches
  19 blink frogs
  15 dream sheep
  2 culicivoras (Lair:3)
  A jumping spider (Lair:3)
  3 spriggans
  A yak (shapeshifter) (D:14)
  2 wraiths
  3 shadows
  26 yaks
  5 wyverns
  2 water elementals (D:13)
  2 vampires
  4 basilisks
  3 steam dragons
  6 redbacks
  8 vampire mosquitoes
  A death yak simulacrum (Lair:5)
  10 swamp worms
  2 wargs
  A spectral cane toad (Lair:5)
  An acid dragon (D:9)
  15 water moccasins
  40 orc warriors
  4 sky beasts
  3 black bears
  2 elephant zombies (Lair:5)
  An ice beast (D:6)
  9 ogres
  7 wolves (Lair:1)
  3 centaurs
  2 phantoms
  5 bullfrogs
  2 kobold brigands
  A necrophage (D:6)
  3 gnoll sergeants
  A cane toad simulacrum (Lair:5)
  3 scorpions
  26 wights
  A killer bee (D:6)
  2 howler monkeys
  3 electric eels (D:13)
  4 hounds
  29 orc priests
  A jelly (D:5)
  2 gnoll boudas
  3 iguanas
  19 orc wizards
  23 gnolls
  11 adders
  2 river rats (Sewer)
  2 shadow imps
  5 white imps
  2 worms (Lair:3)
  A dart slug (D:2)
  64 orcs
  7 ball pythons
  3 endoplasms
  4 giant cockroaches (Lair:3)
  27 goblins
  11 hobgoblins
  2 jackals (D:2)
  2 quokkas (D:2)
  4 bats
  8 frilled lizards
  15 kobolds
  3 rats
707 creatures vanquished.

Vanquished Creatures (collateral kills)
  A torpor snail (Lair:3)
  A butterfly (Lair:3)
2 creatures vanquished.

Vanquished Creatures (others)
  An ironbound preserver (D:14)
  Snorg (Orc:2)
  A deep elf pyromancer (D:15)
  2 bloated husks (Swamp:2)
  A hornet (Swamp:2)
  A spriggan (Swamp:2)
  An orc warrior (Orc:2)
  28 foxfires
  45 fungi
  92 plants
  21 withered plants (Lair:5)
194 creatures vanquished.

Grand Total: 903 creatures vanquished

Notes
Turn   | Place    | Note
-------+----------+-------------------------------------------
     0 | D:1      | concernfroge the Mummy Monk began the quest for the Orb.
     0 | D:1      | Reached XP level 1. HP: 18/18 MP: 1/1
   163 | D:1      | Found a faded altar of an unknown god.
   511 | D:1      | Reached XP level 2. HP: 24/24 MP: 2/2
  1105 | D:2      | Gained mutation: You are in touch with the powers of death.
                  | [Mummy growth]
  1105 | D:2      | Reached XP level 3. HP: 30/30 MP: 3/3
  1220 | D:2      | Noticed Sigmund
  1715 | D:3      | Found a glowing drain.
  1749 | Sewer    | Entered a sewer
  1777 | Sewer    | Reached XP level 4. HP: 30/38 MP: 4/4
  1786 | Sewer    | Reached skill level 5 in Fighting
  2574 | D:3      | Reached XP level 5. HP: 46/46 MP: 5/5
  3054 | D:4      | Found a staircase to the Ecumenical Temple.
  3066 | Temple   | Entered the Ecumenical Temple
  3319 | Temple   | Became a worshipper of Gozag Ym Sagoz the Greedy
  3448 | D:4      | Noticed an ogre
  3544 | D:5      | Entered Level 5 of the Dungeon
  3563 | D:5      | Identified the +8 whip "Nousoide" {flame, +Blink Will+ SInv
                  | Stlth+}
  3647 | D:5      | Noticed a phantom
  3655 | D:5      | Killed a phantom
  3656 | D:5      | Reached skill level 1 in Maces & Flails
  3656 | D:5      | Reached XP level 6. HP: 53/53 MP: 6/6
  3788 | D:5      | Noticed SensoryNuts's ghost (novice FoFi)
  3816 | D:5      | Found a runed translucent gate.
  3817 | D:5      | Found a runed translucent gate.
  3818 | D:5      | Found a runed translucent gate.
  3823 | D:5      | Noticed a wyvern
  3824 | D:5      | Reached skill level 2 in Maces & Flails
  3832 | D:5      | Killed a wyvern
  3833 | D:5      | Reached skill level 3 in Maces & Flails
  3833 | D:5      | Reached XP level 7. HP: 52/59 MP: 7/7
  3968 | D:5      | Reached skill level 4 in Maces & Flails
  4221 | D:5      | Found Yrerr's Assorted Antiques.
  4449 | D:5      | Bought a scroll of teleportation for 99 gold pieces
  4449 | D:5      | Bought a scroll of identify for 66 gold pieces
  4449 | D:5      | Bought an encrusted iron wand for 132 gold pieces
  4648 | D:6      | Reached skill level 5 in Maces & Flails
  4876 | D:6      | Found a hide-covered altar of Uskayaw.
  5043 | D:6      | Reached XP level 8. HP: 65/65 MP: 8/8
  5055 | D:6      | Reached skill level 6 in Maces & Flails
  5445 | D:7      | Found Fametsos's Magic Scroll Shop.
  5630 | D:7      | Reached skill level 7 in Maces & Flails
  5956 | D:7      | Reached skill level 8 in Maces & Flails
  6077 | D:7      | Found a bloodstained altar of Trog.
  6769 | D:8      | Found a flagged portal.
  6784 | D:8      | Reached XP level 9. HP: 70/71 MP: 9/9
  6810 | Bailey   | Entered a bailey
  6960 | Bailey   | Reached skill level 9 in Maces & Flails
  7092 | Bailey   | Noticed an orc knight
  7108 | Bailey   | Killed an orc knight
  7141 | Bailey   | Reached skill level 10 in Maces & Flails
  7492 | Bailey   | Noticed an orc warlord
  8179 | D:8      | Reached skill level 11 in Maces & Flails
  8219 | D:8      | Reached XP level 10. HP: 77/77 MP: 10/10
  8783 | D:8      | Found a radiant altar of Vehumet.
  9041 | D:8      | Found a staircase to the Lair.
  9233 | D:9      | Acquired the +2 buckler "Vuluare" {rElec}
  9596 | D:9      | Reached skill level 12 in Maces & Flails
  9625 | D:10     | Entered Level 10 of the Dungeon
  9640 | D:10     | Reached skill level 1 in Shields
 10470 | D:10     | Found Zuxt's Armour Boutique.
 10472 | D:10     | Found a staircase to the Orcish Mines.
 10583 | D:10     | Reached skill level 1 in Armour
 11257 | D:10     | Reached XP level 11. HP: 76/83 MP: 11/11
 11327 | D:11     | Found a gate leading to a gauntlet.
 11345 | Gauntlet | Entered a Gauntlet
 11345 | Gauntlet | Found a transporter.
 11345 | Gauntlet | Found a transporter.
 11346 | Gauntlet | Noticed a death scarab
 11353 | Gauntlet | Found a transporter.
 11356 | Gauntlet | Noticed a fire crab
 11358 | Gauntlet | Found a transporter.
 11361 | Gauntlet | Found a runed translucent door.
 11363 | Gauntlet | Found a runed translucent door.
 11363 | Gauntlet | Noticed a tengu warrior
 11365 | Gauntlet | Found a transporter.
 11369 | Gauntlet | Found a transporter.
 11373 | Gauntlet | Found a runed translucent door.
 11373 | Gauntlet | Found a runed translucent door.
 11377 | Gauntlet | Found a transporter.
 11394 | Gauntlet | Found a transporter.
 11411 | Gauntlet | Found a transporter.
 11412 | Gauntlet | Found a transporter.
 11420 | Gauntlet | Found a transporter.
 11424 | Gauntlet | Found a transporter.
 11804 | D:11     | Noticed a two-headed ogre
 11810 | D:11     | Killed a two-headed ogre
 11811 | D:11     | Reached skill level 1 in Throwing
 12603 | D:9      | Found an ancient bone altar of Kikubaaqudgha.
 12928 | D:9      | Noticed a two-headed ogre
 12930 | D:9      | Noticed an eight-headed hydra
 13041 | D:7      | Bought a scroll of acquirement for 572 gold pieces
 13041 | D:7      | Bought a scroll of summoning for 104 gold pieces
 13041 | D:7      | Bought a scroll of enchant armour for 82 gold pieces
 13041 | D:7      | Bought a scroll of silence for 104 gold pieces
 13042 | D:7      | Acquired 966 gold pieces
 13149 | D:5      | Bought 3 scrolls of enchant armour for 742 gold pieces
 13251 | Lair:1   | Entered Level 1 of the Lair of Beasts
 13423 | Lair:1   | Identified the +1 scale mail "Jofroci" {rF- Int+3 Slay+2}
 14009 | Lair:1   | Found a transporter.
 14009 | Lair:1   | Noticed a boulder beetle
 14010 | Lair:1   | Found a transporter.
 14010 | Lair:1   | Noticed a boulder beetle
 14202 | Lair:1   | Noticed Gastronok
 14218 | Lair:1   | Killed Gastronok
 14219 | Lair:1   | Reached skill level 13 in Maces & Flails
 14794 | Lair:2   | Reached skill level 1 in Evocations
 14808 | Lair:2   | Reached XP level 12. HP: 89/89 MP: 12/12
 15069 | Lair:2   | Found a basalt altar of Yredelemnul.
 15106 | Lair:2   | Noticed a four-headed hydra
 15123 | Lair:2   | Killed a four-headed hydra
 15481 | Lair:2   | Identified the +0 leather armour "Ixiupp" {rPois rC+ MP+9}
 15757 | Lair:2   | Noticed a five-headed hydra
 15771 | Lair:2   | Killed a five-headed hydra
 15826 | Lair:2   | Reached skill level 14 in Maces & Flails
 15884 | Lair:2   | Noticed a five-headed hydra
 15893 | Lair:2   | Killed a five-headed hydra
 15985 | Lair:2   | Found a staircase to the Swamp.
 16733 | Lair:3   | Noticed a boulder beetle
 16754 | Lair:3   | Killed a boulder beetle
 17238 | Lair:3   | Noticed a seven-headed hydra
 17250 | Lair:3   | Killed a seven-headed hydra
 17251 | Lair:3   | Reached skill level 15 in Maces & Flails
 17360 | Lair:3   | Found a hole to the Spider Nest.
 17630 | Lair:4   | Found a staircase to the Slime Pits.
 17630 | Lair:4   | Found a viscous altar of Jiyva.
 17657 | Lair:4   | Identified the +5 war axe of the Big Bang {spect, *Corrode
                  | rF+ Will++ Int-5}
 17879 | Lair:4   | Noticed a catoblepas
 17893 | Lair:4   | Killed a catoblepas
 18113 | Lair:4   | Identified the +4 falchion of the Charming Gods {drain,
                  | *Corrode rN+++ Str+3 Int+2}
 18433 | Lair:5   | Entered Level 5 of the Lair of Beasts
 18442 | Lair:5   | Gained mutation: You are strongly in touch with the powers
                  | of death. [Mummy growth]
 18442 | Lair:5   | Reached XP level 13. HP: 95/95 MP: 13/13
 19088 | Lair:5   | Reached skill level 16 in Maces & Flails
 20391 | Lair:5   | Noticed a dire elephant
 20391 | Lair:5   | Noticed a dire elephant
 20547 | Lair:5   | Noticed a dire elephant
 20566 | Lair:5   | Killed a dire elephant
 20627 | Lair:5   | Reached skill level 10 in Fighting
 20826 | Lair:5   | Killed a dire elephant
 20838 | Lair:5   | Killed a dire elephant
 21545 | Lair:5   | Reached skill level 5 in Armour
 21545 | Lair:5   | Reached skill level 5 in Shields
 21554 | Lair:5   | Reached skill level 5 in Dodging
 21591 | Lair:5   | Reached XP level 14. HP: 56/110 MP: 14/14
 23040 | Orc:1    | Entered Level 1 of the Orcish Mines
 23424 | Orc:1    | Found a dark tunnel.
 23430 | Orc:1    | Found Voupsem's Jewellery Shop.
 23442 | Orc:1    | Bought a ring of resist corrosion for 240 gold pieces
 23800 | Orc:2    | Entered Level 2 of the Orcish Mines
 24118 | Orc:2    | Noticed Sonja
 24129 | Orc:2    | Killed Sonja
 24414 | Orc:2    | Noticed Snorg
 24431 | Orc:2    | Killed Snorg
 24523 | Orc:2    | Found a staircase to the Elven Halls.
 25087 | Orc:2    | Found Wunuss's Distillery.
 25087 | Orc:2    | Found Amodet's Jewellery Shoppe.
 25088 | Orc:2    | Found Hoanirio's Antique Armour Emporium.
 25092 | Orc:2    | Found Naruzer's Jewellery Emporium.
 25135 | Orc:2    | Found Jorui's Assorted Antiques.
 25226 | Orc:2    | Bought a shiny helmet for 277 gold pieces
 25249 | Orc:2    | Bought a glowing plate armour for 806 gold pieces
 25414 | D:13     | Reached skill level 5 in Throwing
 25414 | D:13     | Reached skill level 5 in Evocations
 26228 | D:13     | Noticed Lodul
 26239 | D:13     | Killed Lodul
 26575 | Orc:1    | Bought a ring of protection from fire for 300 gold pieces
 27537 | D:14     | Noticed an ironbound preserver
 27550 | D:14     | Killed an ironbound preserver
 27822 | D:14     | Found a gate to the Vaults.
 27932 | D:14     | Found a transporter.
 27934 | D:14     | Found a transporter.
 27936 | D:14     | Found a transporter.
 27936 | D:14     | Found a transporter.
 28135 | D:14     | Reached XP level 15. HP: 115/115 MP: 15/15
 28618 | D:15     | Entered Level 15 of the Dungeon
 29843 | D:15     | Found a staircase to the Depths.
 30198 | D:15     | Found a runed translucent gate.
 30198 | D:15     | Found a runed translucent gate.
 30198 | D:15     | Found a runed translucent gate.
 30198 | D:15     | Noticed ZLogic's ghost (journeyman SpEn)
 30200 | D:15     | Found a basalt altar of Yredelemnul.
 30748 | Swamp:1  | Entered Level 1 of the Swamp
 30748 | Swamp:1  | Noticed Aizul
 30779 | Swamp:1  | Killed Aizul
 30780 | Swamp:1  | You fall into a shaft and drop 1 floor!
 31589 | Swamp:3  | Noticed a fenstrider witch
 31614 | Swamp:3  | Killed a fenstrider witch
 32247 | Swamp:3  | Identified the +1 chain mail "Tivuefio" {Fly Int+3}
 33515 | Swamp:1  | Identified the +1 pair of gloves "Naoluudgh" {rN+ Str+3
                  | Dex+3}
 33515 | Swamp:1  | Noticed Nikola
 33556 | Swamp:1  | Killed Nikola
 33773 | Swamp:1  | Reached XP level 16. HP: 87/122 MP: 16/16
 35220 | Spider:1 | Entered Level 1 of the Spider Nest
 35223 | Spider:1 | Noticed Mlioglotl
 35505 | Spider:1 | Noticed a tentacled starspawn
 35687 | Spider:1 | Noticed a Hell Sentinel
 35846 | Lair:3   | Killed Mlioglotl
 36096 | Spider:1 | HP: 4/122 [jumping spider (6)]
 36096 | Spider:1 | Slain by a redback

Illustrated notes

Levels and vault maps discovered:
D:1:      minmay_arrival_doors, layout_basic, basic_ecumenical_altar
D:2:      layout_rooms, uniq_sigmund
D:3:      layout_rooms, portal_sewer_entry_d, minmay_misc_feat_four_crosses
D:4:      layout_basic, lemuel_doored_altar, nicolae_tso_carved_into_rock,
          minmay_temple_entry_glass
D:5:      layout_gridville, gammafunk_ghost_split, serial_shops,
          nicolae_lakefront_shop
D:6:      kennysheep_spiral_hall, layout_cave_pods,
          nicolae_uskayaw_murder_on_the_dancefloor
D:7:      layout_layer_cave, amethyst_overflow_temple_binary, serial_shops, shop
D:8:      layout_loops_ring, mainiacjoe_overflow_paths, lair_entry_dummy,
          enter_bailey_5, serial_rivers, chequers_serial_rivers_small_a,
          chequers_serial_rivers_micro_c, chequers_serial_rivers_room_a,
          chequers_serial_rivers_micro_a, chequers_serial_rivers_marsh
D:9:      layout_loops_cross, kiku_gazebo_pond_becter, minmay_checkerbox
D:10:     layout_basic, orc_david_3
D:11:     layout_irregular_city, gauntlet_entry_generic, minmay_misc_feat_doors,
          nicolae_elyvilon_peaceful_grove
D:12:     layout_gridville, hive_lemuel
D:13:     layout_grid_maze, serial_bayou, serial_bayou_lagoon_a,
          serial_bayou_shore_a, serial_bayou_pond_e, serial_bayou_lake_a,
          uniq_lodul
D:14:     layout_roguey, skrybe_vaults_entry_preservation,
          nicolae_diode_quadrants
D:15:     hangedman_depths_entry_try_elsewhere_first, layout_layer_cave,
          wad_floor_pattern_untrapped, st_stairs_14,
          nicolae_yredelemnul_ghost_church
Temple:   regret_index_temple_generic_petals
Lair:1:   gammafunk_boulding_lane, layout_concentric_octagons, minivault_19,
          cheibrodos_lair_reptile_den, uniq_gastronok
Lair:2:   layout_cellular_growth, palyth_hydra_swamp_entry, basic_altar
Lair:3:   layout_loops_ring, nicolae_spider_entry_non_spiders,
          dreamdust_gnoll_shepherd, grunt_megastairs_2, lemuel_fruit_fields
Lair:4:   layout_loops_ring, minmay_slime_entry_oklob_open
Lair:5:   due_jungle_book, layout_long_grid, minivault_19
Swamp:1:  layout_basic_swamp, nicolae_swamp_oxbows, uniq_aizul, uniq_nikola
Swamp:2:  layout_falls_marsh, hangedman_swamp_lotus
Swamp:3:  layout_basic_swamp, nicolae_swamp_small_spring
Spider:1: layout_spider_delve, uniq_roxanne, uniq_mlioglotl
Orc:1:    layout_caves, special_room [special_room_orc],
          nicolae_volcano_entry_two_sided, serial_shops, shop
Orc:2:    st_orc_mages, layout_diamond_mine, serial_shops, shop, basic_altar,
          uniq_snorg, uniq_sonja

Skill      XL: |  1  2  3  4  5  6  7  8  9 10 11 12 13 14 15 16 |
---------------+-------------------------------------------------+-----
Fighting       | 4 5 6 10 | 10.0
Maces & Flails | 1 3 5 8 11 12 13 15 16 | 16.0
Shields        | 4 5 6 8 9 |  9.4
Dodging        | 4 5 6 8 9 |  9.4
Armour         | 2 4 5 6 8 9 |  9.3
Throwing       | 3 4 6 |  6.0
Evocations     | 1 4 6 |  6.0
Polearms       | |  2.4
Stealth        | |  1.5

Action                   |  1- 3 |  4- 6 |  7- 9 | 10-12 | 13-15 | 16-18 || total
-------------------------+-------+-------+-------+-------+-------+-------++-------
Melee: Spear             |   180 |   169 |       |       |       |       ||   349
       Whip              |       |    22 |   291 |   381 |    37 |       ||   731
       Punch             |       |       |     4 |       |       |       ||     4
       Morningstar       |       |       |       |   407 |  1651 |   259 ||  2317
Throw: Dart              |       |     3 |    12 |    16 |    16 |       ||    47
       Boomerang         |       |     5 |    56 |   176 |   309 |    19 ||   565
       Javelin           |       |       |       |     3 |     7 |     2 ||    12
       Throwing net      |       |       |       |       |       |     1 ||     1
Invok: Potion Petition   |       |       |     3 |     1 |    10 |     2 ||    16
Evoke: Wand              |       |       |    12 |     4 |     7 |     3 ||    26
  Use: Scroll            |     4 |     4 |    10 |    14 |    14 |     7 ||    53
 Stab: Distracted        |       |       |     2 |     3 |    11 |       ||    16
       Invisible         |       |       |     1 |     1 |    13 |       ||    15
       Paralysed         |       |       |       |     4 |       |    10 ||    14
Armor: Chain mail        |    93 |   110 |   104 |       |       |       ||   307
       Robe              |     3 |       |       |       |       |       ||     3
       Plate armour      |       |       |    10 |   339 |   867 |   218 ||  1434
Dodge: Dodged            |    58 |    40 |    76 |   137 |   360 |   153 ||   824
Block: Buckler           |       |       |       |   266 |   832 |   217 ||  1315
       Reflection        |       |       |       |     2 |    22 |     2 ||    26
